 Dungeon Crawl Stone Soup version 0.28.0-53-g5a82cb258f (webtiles) character file.

Game seed: 4074699833838662664

4 gobodom the Conjurer (level 1, -2/11 HPs)
             Began as an Octopode Conjurer on June 21, 2022.
             Slain by a jackal (3 damage)
             ... on level 1 of the Dungeon.
             The game lasted 00:01:34 (103 turns).

gobodom the Conjurer (Octopode Conjurer)             Turns: 103, Time: 00:01:36

Health: -2/11      AC:  1    Str:  6    XL:     1   Next: 60%
Magic:  1/3        EV: 13    Int: 20    God:
Gold:   17         SH:  0    Dex: 10    Spells: 3/4 levels left

rFire   . . .      SeeInvis .   (no weapon)
rCold   . . .      Faith    .   (no shield)
rNeg    . . .      Spirit   .   (helmet restricted)
rPois   .          Reflect  .   (no amulet)
rElec   .          Harm     .   (no ring)
rCorr   .          Rampage  .   (no ring)
Will    .....                   (no ring)
Stlth   +++.......              (no ring)
HPRegen 0.03/turn               (no ring)
MPRegen 0.08/turn               (no ring)
                                (no ring)
                                (no ring)

@: no status effects
A: almost no armour, amphibious, 8 rings, camouflage 1, gelatinous body 1,
(nimble swimmer 1), tentacles
a: no special abilities


You were on level 1 of the Dungeon.
You visited 1 branch of the dungeon, and saw 1 of its levels.

You collected 17 gold pieces.

Inventory:

Scrolls
 a - a scroll of acquirement {unknown}


   Skills:
 + Level 2.0 Dodging
 + Level 2.7 Stealth
 + Level 2.0 Spellcasting
 + Level 4.2 Conjurations


You had 3 spell levels left.
You knew the following spells:

 Your Spells              Type           Power      Damage    Failure   Level
a - Magic Dart            Conj           72%        1d6       2%          1

Your spell library contained the following spells:

 Spells                   Type           Power      Damage    Failure   Level
 Searing Ray              Conj           36%        2d5       4%          2
 Beastly Appendage        Tmut           4%         N/A       16%         1
 Dazzling Flash           Conj/Hex       20%        N/A       21%         3
 Wereblood                Tmut           2%         N/A       24%         2
 Spider Form              Tmut/Pois      2%         N/A       43%         3
 Fulminant Prism          Conj/Hex       5%         3d7       54%         4
 Iskenderun's Mystic Bla  Conj/Tloc      10%        2d4       54%         4


Dungeon Overview and Level Annotations

Branches:
Dungeon (1/15)

Altars:


Innate Abilities, Weirdness & Mutations

You cannot wear most types of armour.
You are amphibious.
You can wear up to eight rings at the same time.
Your skin changes colour to match your surroundings (Stealth+).
Your rubbery body absorbs attacks. (AC +1, EV +1)
((You are camouflaged when in or above water. (Stealth+)))
You have tentacles for arms and can constrict up to eight enemies at once.


Message History

You see here 2 scrolls labelled SOYXZU ETTUR.
There are monsters nearby!
The magic dart hits the jackal.
The jackal is moderately wounded.
A bat comes into view.
A jackal comes into view.
The magic dart hits the jackal.
The jackal is heavily wounded.
You closely miss the jackal. Your grab misses the jackal.
The jackal is heavily wounded.
The jackal closely misses you. The goblin barely misses you.
An endoplasm comes into view.
The jackal closely misses you.
You completely miss the jackal. You grab the jackal.
The jackal is heavily wounded.
You constrict the jackal, but do no damage.
The jackal closely misses you. The goblin hits you with a +0 club.
The jackal bites you but does no damage.
You tentacle-slap the jackal but do no damage.
Your grab misses the jackal. You constrict the jackal.
The jackal closely misses you. x2; The goblin barely misses you.
The jackal closely misses you.
You barely miss the goblin. Your grab misses the goblin.
Your squeeze misses the goblin.
You constrict the jackal, but do no damage.
The jackal barely misses you. The goblin barely misses you.
The jackal bites you. The jackal closely misses you.
The jackal barely misses you.
You tentacle-slap the jackal but do no damage.
The jackal is heavily wounded.
You constrict the jackal, but do no damage.
The jackal closely misses you. x2; The goblin closely misses you.
The jackal closely misses you. The bat misses you. The jackal misses you.
You tentacle-slap the jackal.
The jackal is almost dead.
You constrict the jackal.
You kill the jackal!
The bat misses you. The bat hits you but does no damage. The jackal bites you.
* * * LOW HITPOINT WARNING * * *
The goblin closely misses you. The jackal bites you.
You die...

.......# #.# .... ......#
#.# #... .....# #.# #..#.
.....####.######
.....######..............
#........##≈≈≈#+........
#.J$...#.....#........
#...ghh≈..<..≈........
#...?@.b..⌠..≈).......
#......#.....#........
###≈≈§###≈≈≈###.######
#§....#......#.#
§§§§⌠..≈..[...#.#
.§≈.....≈......#.#
#..#.....#......#.#
#..+#≈≈≈##........# ...
######...#


You could see an endoplasm, 2 jackals, a goblin and a bat.

Vanquished Creatures
  A dart slug (D:1)
  A goblin (D:1)
  A jackal (D:1)
3 creatures vanquished.

Notes
Turn   | Place    | Note
-------+----------+-------------------------------------------
     0 | D:1      | gobodom the Octopode Conjurer began the quest for the Orb.
     0 | D:1      | Reached XP level 1. HP: 11/11 MP: 3/3
   103 | D:1      | Slain by a jackal

Illustrated notes

Levels and vault maps discovered:
D:1:      dpeg_arrival_rooms_with_view, layout_basic,
          chequers_ecumenical_altar_grove

Action                   || total
-------------------------++-------
Melee: Unarmed           ||     8
       Constrict         ||     2
       Tentacles         ||     2
 Cast: Magic Dart        ||     7
Armor: Skin              ||     2
Dodge: Dodged            ||    23
